 Dungeon Crawl Stone Soup version 0.29.1-12-g30fa7ad0bf (webtiles) character file.

Game seed: 4764028171974152402

186309 growler the Warrior (level 17, -4/229 HPs)
             Began as a Demonspawn Hedge Wizard on Dec 31, 2022.
             Was an Initiate of Gozag.
             Slain by a spark wasp (12 damage)
             ... on level 4 of the Spider Nest.
             The game lasted 03:14:15 (66812 turns).

growler the Warrior (Demonspawn Hedge Wizard)      Turns: 66812, Time: 03:14:16

Health: -4/229     AC: 28    Str: 13    XL:     17   Next: 84%
Magic:  15/31      EV:  2    Int: 21    God:    Gozag
Gold:   5541       SH:  0    Dex: 13    Spells: 16/36 levels left

rFire   + . .      SeeInvis +   B - +7 demon whip (elec)
rCold   + . .      Faith    .   (no shield)
rNeg    . . .      Spirit   .   (body armour currently unavailable)
rPois   +          Reflect  .   (helmet currently unavailable)
rElec   +          Harm     .   (cloak currently unavailable)
rCorr   +          Rampage  .   (gloves unavailable)
Will    +....      NoTele   +   (boots currently unavailable)
Stlth   ++........              (no amulet)
HPRegen 2.48/turn               P - ring of the Hare {EV+8}
MPRegen 0.22/turn               M - ring of see invisible

@: mighty, tree-form, resistant, gold aura
A: stationary, stasis, torment immunity, boosted hp, demonic guardian 2, powered
by death 2, (sturdy frame 3), (demonic touch 3)
a: End Transformation, Renounce Religion, Potion Petition, Call Merchant, Bribe
Branch


You were on level 4 of the Spider Nest.
You worshipped Gozag.
Gozag was greatly pleased with you.
You were a tree.
You visited 6 branches of the dungeon, and saw 30 of its levels.

You collected 13137 gold pieces.
You spent 784 gold pieces at shops.
You paid 6812 gold pieces to Gozag.

Inventory:

Hand Weapons
 p - the +7 whip "Siugi" {speed, rF+}
   (You found it on level 2 of the Dungeon)

   Attacks with this weapon are significantly faster.
   rF:        It protects you from fire.
 x - the +7 mace of Variability {chain chaos}
   (You found it on level 5 of the Dungeon)

   Each time it hits an enemy it has a different, random effect.
   It occasionally unleashes arcs of chaos on nearby creatures upon striking a
   foe.
 B - a +7 demon whip of electrocution (weapon)
Missiles
 V - 4 throwing nets
Armour
 a - a +0 buckler of cold resistance
 n - the +3 scale mail "Kiucvuet" (melded) {rElec rPois Int-2 Dex-5}
   (You found it on level 2 of the Dungeon)

   Int:       It affects your intelligence (-2).
   Dex:       It affects your dexterity (-5).
   rElec:     It insulates you from electricity.
   rPois:     It protects you from poison.
 v - a +0 pair of boots (melded)
 H - a +2 hat (melded)
 L - a +0 cloak (melded)
 Q - a +4 scale mail of fire resistance
 U - a +3 scale mail of willpower
Jewellery
 j - a ring of positive energy
 l - a +6 ring of intelligence
 M - a ring of see invisible (right branch)
 P - the ring of the Hare (left branch) {EV+8}
   (You found it on level 9 of the Dungeon)

   [ring of evasion]

   EV:        It affects your evasion (+8).
 S - an amulet of guardian spirit
Wands
 g - a wand of polymorph (2)
 m - a wand of paralysis (24)
 s - a wand of acid (4)
 z - a wand of flame (53)
 C - a wand of iceblast (7)
 X - a wand of mindburst (4)
Scrolls
 e - a scroll of torment
 h - a scroll of teleportation
 i - 9 scrolls of vulnerability
 t - 2 scrolls of magic mapping
 w - 4 scrolls of noise
 y - 2 scrolls of fear
 A - a scroll of summoning
 G - 4 scrolls of immolation
 I - 4 scrolls of enchant armour
 K - 5 scrolls of poison
 T - 2 scrolls of fog
 W - 2 scrolls of amnesia
 Z - a scroll of brand weapon
Potions
 b - a potion of curing
 c - 7 potions of brilliance
 d - 2 potions of magic
 f - 3 potions of invisibility
 k - 4 potions of ambrosia
 o - 4 potions of attraction
 q - 6 potions of mutation
 r - 2 potions of berserk rage
 u - 4 potions of haste
 D - 2 potions of might
 F - 6 potions of flight
 J - 3 potions of resistance
 Y - 3 potions of cancellation
Miscellaneous
 N - a phantom mirror
 O - a phial of floods


   Skills:
 - Level 19.0 Fighting
 - Level 12.0 Maces & Flails
 - Level 10.0 Armour
 + Level 3.3 Dodging
 - Level 1.7 Stealth
 - Level 5.0 Shields
 + Level 10.3 Spellcasting
 - Level 15.0 Conjurations
 + Level 10.4 Summonings
 - Level 0.8 Translocations


You had 16 spell levels left.
You knew the following spells:

 Your Spells              Type           Power      Damage    Failure   Level
a - Magic Dart            Conj           100%       1d8       0%          1
b - Blink                 Tloc           28%        N/A       7%          2
c - Mephitic Cloud        Conj/Pois/Air  31%        N/A       2%          3
d - Orb of Destruction    Conj           32%        9d10      11%         7
e - Spellforged Servitor  Conj/Summ      29%        N/A       28%         7

Your spell library contained the following spells:

 Spells                   Type           Power      Damage    Failure   Level
 Foxfire                  Conj/Fire      100%       2x1d9     1%          1
 Shock                    Conj/Air       100%       1d9       1%          1
 Call Imp                 Summ           53%        N/A       1%          2
 Conjure Flame            Conj/Fire      42%        6-21      1%          3
 Stone Arrow              Conj/Erth      84%        3d12      1%          3
 Summon Guardian Golem    Hex/Summ       32%        N/A       2%          3
 Flame Wave               Conj/Fire      42%        2d11      2%          4
 Fulminant Prism          Conj/Hex       21%        3d13      2%          4
 Hailstorm                Conj/Ice       42%        3d10      2%          4
 Iskenderun's Mystic Bla  Conj/Tloc      44%        2d10      2%          4
 Beastly Appendage        Tmut           20%        N/A       6%          1
 Freeze                   Ice            40%        1d6       6%          1
 Sandblast                Erth           20%        2d7       6%          1
 Slow                     Hex            40%        N/A       6%          1
 Summon Lightning Spire   Summ/Air       32%        N/A       8%          4
 Irradiate                Conj/Tmut      21%        3d18      8%          5
 Ensorcelled Hibernation  Hex/Ice        20%        N/A       10%         2
 Passwall                 Tmut/Erth      8%         N/A       10%         2
 Poisonous Vapours        Pois/Air       20%        N/A       10%         2
 Wereblood                Tmut           10%        N/A       10%         2
 Summon Forest            Summ/Tloc      17%        N/A       17%         5
 Confusing Touch          Hex            10%        N/A       19%         3
 Frozen Ramparts          Ice            20%        1d4       19%         3
 Ignite Poison            Fire/Tmut/Pois 10%        N/A       19%         3
 Inner Flame              Hex/Fire       10%        N/A       19%         3
 Ozocubu's Armour         Ice            10%        N/A       19%         3
 Spider Form              Tmut/Pois      10%        N/A       19%         3
 Swiftness                Air            10%        N/A       19%         3
 Tukima's Dance           Hex            10%        N/A       19%         3
 Vampiric Draining        Necr           10%        2d6       19%         3
 Freezing Cloud           Conj/Ice/Air   15%        6-21      22%         5
 Passage of Golubria      Tloc           14%        N/A       41%         4
 Airstrike                Air            5%         2d(1-17)  52%         4
 Leda's Liquefaction      Hex/Erth       5%         N/A       52%         4
 Summon Hydra             Summ           26%        N/A       58%         7
 Blade Hands              Tmut           5%         N/A       86%         5
 Lee's Rapid Deconstruct  Erth           5%         3d7*      86%         5
 Metabolic Englaciation   Hex/Ice        5%         N/A       86%         5
 Silence                  Hex/Air        5%         N/A       86%         5
 Yara's Violent Unravell  Hex/Tmut       5%         3d4       86%         5
 Eringya's Noxious Bog    Tmut/Pois      5%         N/A       100%        6
 Statue Form              Tmut/Erth      6%         N/A       100%        6
 Dragon Form              Tmut           5%         N/A       100%        7
 Storm Form               Tmut/Air       5%         N/A       100%        7
 Lehudib's Crystal Spear  Conj/Erth      21%        10d6      100%        8
 Maxwell's Capacitive Co  Air            5%         ∞         100%        8
 Corpse Rot               Necr/Pois/Air  Unusable   N/A       N/A         4
 Simulacrum               Ice/Necr       Unusable   N/A       N/A         6

Dungeon Overview and Level Annotations

Branches:
Dungeon (15/15)            Temple (1/1) D:5            Lair (5/5) D:10
 Shoals (3/4) Lair:2       Spider (4/4) Lair:2        Slime (0/5) Lair:4
    Orc (2/2) D:12            Elf (0/3) Orc:2        Vaults (0/5) D:13
 Depths (0/4) D:15

Altars:
Ashenzari
Cheibriados
Dithmenos
Fedhas
Gozag
Hepliaklqana
Kikubaaqudgha
Makhleb
Nemelex Xobeh
Okawaru
Qazlal
Ru
Sif Muna
Trog
Uskayaw
Vehumet
Wu Jian
Xom
Yredelemnul
Jiyva

Shops:
D:3 (   D:4 (   Orc:2 *(*:[

Annotations:
D:9 4 transporters
D:11 1 runed translucent door, ZoeForever1's ghost, journeyman GnHu
D:12 1 runed translucent door, Xeikkuus's ghost, journeyman MiFi
D:14 exclusion: 2 ice statues
D:15 2 transporters, Fekhly's ghost, adept GrEE
Lair:3 3 runed translucent doors, Smersh616's ghost, journeyman OpDe


Innate Abilities, Weirdness & Mutations

You are a tree.
Your roots penetrate the ground, keeping you stationary.
You cannot be teleported.
You are immune to unholy pain and torment.
Your maximum health is greatly increased.
Your equipment is partially melded.
A demonic guardian rushes to your aid.
You regenerate health from kills.
((Your movements are significantly less encumbered by armour. (ER -6)))
((Your touch may irresistibly damage your foes and sap their willpower.))


Message History

Your smoke demon dies!
Your smoke demon disappears in a puff of smoke!
Casting: Orb of Destruction (dangerous; 11% risk of failure)
Confirm with . or Enter, or press ? or * to list all spells.
Aiming: Orb of Destruction (dangerous; 11% risk of failure)
Press: ? - help, Shift-Dir - straight line, f/p - spark wasp
Aim: a spark wasp (lightly wounded, ally target)
You feel sick.
The spark wasp is distracted by your dazzling golden aura.
Your sun demon barely misses the spark wasp.
The wavering orb of destruction hits the spark wasp!!
The spark wasp is heavily wounded.
The spark wasp is no longer distracted by gold.
The spark wasp buzzes angrily.
You hit the spark wasp.
The spark wasp is heavily wounded.
You feel sick.
You are no longer poisoned.
The spark wasp stings you!
* * * LOW HITPOINT WARNING * * *
The spark wasp shocks you. You resist.
* * * LOW HITPOINT WARNING * * *
You hit the spark wasp.
The spark wasp is heavily wounded.
Your sun demon closely misses the spark wasp.
You hit the spark wasp.
The spark wasp is heavily wounded.
Your sun demon disappears in a puff of smoke!
The spark wasp stings you.
* * * LOW HITPOINT WARNING * * *
The spark wasp shocks you. You resist.
* * * LOW HITPOINT WARNING * * *
You closely miss the spark wasp.
The spark wasp is heavily wounded.
The spark wasp stings you but does no damage.
You miss the spark wasp.
The spark wasp is heavily wounded.
The spark wasp stings you!
You die...
Your body crumbles into a pile of gold.

...............^.....
#~..~..^~~^~~.^..#..
#~^..^~#..#~~.#~..^
##^.^..^^^#^^^.~.^#
.....^^...........#
.............$....###
.............$.§#...#
...............§y..^#
.........^....§.♣...###
..................$.|.#
...............^......###
........^......^..#....$##
...^......^..^..^........##
.................#........#
....................###..##
............^^......##....#
^......^........^...#..#.##


You could see a spark wasp.

Vanquished Creatures
  Bai Suzhen (Spider:2)
  Arachne (Spider:4)
  Mlioglotl (Spider:1)
  A kraken (Shoals:2)
  Gastronok (D:8)
  3 emperor scorpions
  An orc warlord (Orc:2)
  A ghost moth (Spider:2)
  2 broodmothers
  The ghost of Coolblue908 the Carver, a journeyman HOFi of Beogh (Orc:2)
  3 entropy weavers
  2 spark wasps
  2 merfolk javelineers
  5 merfolk impalers
  3 boulder beetles
  Erica (D:9)
  2 merfolk avatars
  An ogre mage (D:15)
  11 centaur warriors
  11 hydras
  6 two-headed ogres
  2 merfolk aquamancers
  4 radroaches
  3 catoblepae
  A jorogumo (Spider:2)
  2 dancing weapons (D:13)
  2 satyrs (Shoals:3)
  A death scarab (Spider:1)
  10 death yaks
  A deep troll shaman (Lair:5)
  A tengu warrior (D:14)
  A nameless horror (Shoals:2)
  Sonja (Lair:3)
  3 orc high priests (Orc:2)
  8 pharaoh ants
  Lodul (D:12)
  2 sun moths
  A skeletal warrior (D:15)
  5 steelbarb worms
  A spark wasp zombie (D:15)
  8 sea snakes
  2 wizards
  11 orb spiders
  6 orc knights
  A phantasmal warrior (D:15)
  A lindwurm (Lair:3)
  A harpy (shapeshifter) (D:13)
  4 deep elf pyromancers
  3 harpies (Shoals:3)
  18 wolf spiders
  A necromancer (D:15)
  11 ugly things
  7 fauns
  3 moths of wrath
  6 orc sorcerers (Orc:2)
  9 manticores
  7 cyclopes
  3 elephants (Lair:5)
  8 merfolk sirens
  3 water nymphs
  7 black mambas
  10 cane toads
  A frost giant skeleton (D:15)
  A gargoyle (D:11)
  4 torpor snails
  A spriggan zombie (D:15)
  5 rime drakes
  A kobold demonologist (D:10)
  An unseen horror (D:13)
  Maggie (Lair:1)
  4 demonic crawlers
  An efreet (D:15)
  6 komodo dragons
  A tengu conjurer (D:14)
  4 trolls
  24 merfolk
  2 wind drakes
  A hornet (D:9)
  13 tarantellas
  2 polar bears (Lair:5)
  8 blink frogs
  Prince Ribbit (D:5)
  6 dream sheep
  8 slime creatures
  8 snapping turtles
  16 jumping spiders
  9 culicivoras
  6 water elementals
  A shadow (D:10)
  8 wyverns
  58 yaks
  A wraith (D:11)
  A spriggan skeleton (D:15)
  A vampire (D:10)
  Grum (Lair:1)
  12 basilisks
  4 hogs (Lair:5)
  A fire elemental (Lair:2)
  19 vampire mosquitoes
  21 redbacks
  4 wargs
  17 water moccasins
  2 hell hounds
  22 orc warriors
  3 black bears
  3 ice beasts
  17 ogres
  19 wolves
  5 phantoms
  16 centaurs
  2 kobold brigands
  Blork the orc (D:5)
  11 bullfrogs
  A scorpion (D:10)
  16 killer bees
  3 howler monkeys
  An electric eel (Spider:3)
  6 jellies
  18 orc priests
  2 gnoll boudas (D:7)
  A hound (D:6)
  28 orc wizards
  14 hell rats
  19 gnolls
  8 adders
  7 river rats (Lair:3)
  A white imp (D:5)
  An ufetubus (D:5)
  4 dart slugs
  80 orcs
  5 ball pythons
  5 bats
  17 endoplasms
  5 giant cockroaches
  9 goblins
  4 hobgoblins
  16 kobolds
  2 quokkas
  3 frilled lizards (D:1)
  8 rats
  2 tentacles (Shoals:2)
911 creatures vanquished.

Vanquished Creatures (collateral kills)
  Kirke (Lair:5)
  Aizul (Spider:4)
  A ghost moth (Spider:3)
  Louise (Spider:2)
  Azrael (Spider:1)
  A boulder beetle (D:12)
  A satyr (Shoals:2)
  2 death yaks (Lair:5)
  A skeletal warrior (D:14)
  A lindwurm (Lair:5)
  An orb spider (Spider:4)
  An orc knight (D:15)
  A wolf spider (Spider:2)
  3 fauns (Shoals:3)
  A manticore (Lair:3)
  A komodo dragon (D:11)
  A rime drake (Lair:3)
  2 trolls (Orc:2)
  3 dream sheep (Shoals:1)
  A jumping spider (Spider:3)
  A snapping turtle (Shoals:2)
  2 culicivoras (Spider:2)
  A wraith (D:9)
  2 fire elementals (Lair:2)
  3 hogs (Lair:5)
  A yak (Lair:1)
  A basilisk (Lair:1)
  5 redbacks
  7 orc warriors
  3 ogres
  A centaur (D:8)
  A killer bee (D:7)
  4 orc priests
  2 hell rats (Lair:3)
  4 orc wizards
  A gnoll (D:7)
  9 orcs
  A tentacle (Shoals:2)
75 creatures vanquished.

Vanquished Creatures (others)
  A pharaoh ant (Spider:3)
  A merfolk (Shoals:1)
  2 orc wizards
  An orc (Orc:2)
  2 bushes (D:10)
  27 fungi
  75 plants
  10 tentacles (Shoals:2)
  12 withered plants
131 creatures vanquished.

Grand Total: 1117 creatures vanquished

Notes
Turn   | Place    | Note
-------+----------+-------------------------------------------
     0 | D:1      | growler the Demonspawn Hedge Wizard began the quest for the
                  | Orb.
     0 | D:1      | Reached XP level 1. HP: 13/13 MP: 4/4
   344 | D:1      | Gained mutation: Your touch may inflict minor irresistible
                  | damage on your foes. [demonic ancestry]
   344 | D:1      | Reached XP level 2. HP: 19/19 MP: 3/6
   818 | D:1      | Gained mutation: Your movements are slightly less
                  | encumbered by armour. (ER -2) [demonic ancestry]
   818 | D:1      | Reached XP level 3. HP: 24/24 MP: 5/8
  1558 | D:2      | Identified the +3 scale mail "Kiucvuet" {rElec rPois Int-2
                  | Dex-5}
  1694 | D:2      | Gained mutation: Your touch may inflict irresistible damage
                  | on your foes. [demonic ancestry]
  1694 | D:2      | Reached XP level 4. HP: 20/30 MP: 0/9
  1847 | D:2      | Found an ancient bone altar of Kikubaaqudgha.
  2063 | D:2      | Identified the +7 whip "Siugi" {speed, rF+}
  2657 | D:3      | Noticed a black bear
  3164 | D:3      | Found Horum's Weapon Shop.
  3396 | D:4      | Reached XP level 5. HP: 35/35 MP: 9/11
  4094 | D:4      | Reached skill level 5 in Spellcasting
  4176 | D:4      | Gained mutation: A weak demonic guardian rushes to your
                  | aid. [demonic ancestry]
  4176 | D:4      | Reached XP level 6. HP: 35/41 MP: 10/13
  4695 | D:4      | Reached XP level 7. HP: 44/46 MP: 13/17
  4798 | D:4      | Found Waskix's Antique Weapon Emporium.
  4955 | D:5      | Entered Level 5 of the Dungeon
  5011 | D:5      | Learned a level 2 spell: Blink
  5015 | D:5      | Learned a level 3 spell: Mephitic Cloud
  5257 | D:5      | Reached skill level 1 in Fighting
  5693 | D:5      | Noticed Prince Ribbit
  5706 | D:5      | Killed Prince Ribbit
  5707 | D:5      | Reached skill level 2 in Fighting
  5762 | D:5      | Noticed Blork the orc
  5770 | D:5      | Killed Blork the orc
  5804 | D:5      | Reached skill level 3 in Fighting
  5804 | D:5      | Gained mutation: A demonic guardian rushes to your aid.
                  | [demonic ancestry]
  5804 | D:5      | Reached XP level 8. HP: 18/58 MP: 9/18
  6184 | D:5      | Found the +7 mace of Variability {chain chaos}
  6233 | D:5      | Reached skill level 4 in Fighting
  6620 | D:5      | Found a staircase to the Ecumenical Temple.
  6933 | Temple   | Entered the Ecumenical Temple
  7043 | Temple   | Became a worshipper of Gozag Ym Sagoz the Greedy
  7303 | D:6      | Reached skill level 5 in Fighting
  7432 | D:6      | Reached skill level 5 in Maces & Flails
  7862 | D:6      | Identified the +10 spear of Amydwot {vorpal, Int+2}
  8036 | D:6      | Found a sacrificial altar of Ru.
  8251 | D:7      | Gained mutation: You regenerate a little health from kills.
                  | [demonic ancestry]
  8251 | D:7      | Reached XP level 9. HP: 22/69 MP: 19/19
  8570 | D:7      | Reached skill level 6 in Fighting
  9621 | D:8      | Reached skill level 7 in Fighting
  9764 | D:8      | Noticed Gastronok
 10177 | D:8      | Killed Gastronok
 10178 | D:8      | Reached skill level 8 in Fighting
 10178 | D:8      | Gained mutation: Your movements are less encumbered by
                  | armour. (ER -4) [demonic ancestry]
 10178 | D:8      | Reached XP level 10. HP: 61/82 MP: 20/20
 10764 | D:9      | Found a transporter.
 10857 | D:9      | Found a transporter.
 11397 | D:8      | Reached skill level 9 in Fighting
 11875 | D:9      | Found a transporter.
 12076 | D:9      | Noticed Erica
 12101 | D:9      | Killed Erica
 12497 | D:9      | Paralysed by a hornet for 1 turns
 12507 | D:9      | Reached skill level 10 in Fighting
 12507 | D:9      | HP: 4/85 [poisoned by a hornet]
 12726 | D:9      | Noticed a two-headed ogre
 13881 | D:8      | Killed a two-headed ogre
 14010 | D:9      | Found a transporter.
 14439 | D:9      | Noticed a two-headed ogre
 14457 | D:9      | Killed a two-headed ogre
 14458 | D:9      | Gained mutation: Your movements are significantly less
                  | encumbered by armour. (ER -6) [demonic ancestry]
 14458 | D:9      | Reached XP level 11. HP: 63/92 MP: 15/21
 14752 | D:9      | Identified 2 scrolls of acquirement
 14752 | D:9      | Acquired 703 gold pieces
 15149 | D:9      | Noticed a five-headed hydra
 15149 | D:9      | Noticed a seven-headed hydra
 15149 | D:9      | Found the ring of the Hare {EV+8}
 15163 | D:9      | Reached skill level 10 in Maces & Flails
 15227 | D:9      | Reached skill level 11 in Fighting
 15231 | D:9      | Noticed a boulder beetle
 15668 | D:10     | Entered Level 10 of the Dungeon
 16294 | D:9      | Identified the +8 mace of Invincibility {protect, rElec
                  | Int+7}
 16294 | D:9      | Noticed a centaur warrior
 16307 | D:9      | Killed a centaur warrior
 16568 | D:9      | Killed a seven-headed hydra
 16726 | D:10     | Found a staircase to the Lair.
 16811 | D:10     | Noticed a two-headed ogre
 16821 | D:10     | Killed a two-headed ogre
 16985 | D:10     | Reached skill level 12 in Fighting
 17113 | D:10     | Noticed a two-headed ogre
 17128 | D:10     | Killed a two-headed ogre
 17712 | D:10     | Acquired 322 gold pieces
 17969 | D:11     | Identified the +5 spear of Truth {venom, rCorr Str+3 Dex+3
                  | SInv}
 17969 | D:11     | Noticed ZoeForever1's ghost (journeyman GnHu)
 17969 | D:11     | Found a runed translucent door.
 18624 | D:11     | Reached XP level 12. HP: 90/103 MP: 22/22
 19229 | D:12     | Identified the +2 pair of gloves of the Lute {Slay+3}
 19328 | D:12     | Reached skill level 13 in Fighting
 19418 | D:12     | Found a runed translucent door.
 19418 | D:12     | Noticed Xeikkuus's ghost (journeyman MiFi)
 19607 | D:12     | Found a staircase to the Orcish Mines.
 19770 | D:12     | Reached skill level 1 in Shields
 20071 | D:12     | Noticed a boulder beetle
 20210 | D:12     | Killed a boulder beetle
 20348 | D:12     | Noticed Lodul
 20382 | D:12     | Killed Lodul
 20661 | D:12     | Noticed a five-headed hydra
 20672 | D:12     | Killed a five-headed hydra
 20835 | D:13     | Reached skill level 14 in Fighting
 21024 | D:13     | Noticed a centaur warrior
 21040 | D:13     | Killed a centaur warrior
 21406 | D:13     | Noticed an eight-headed hydra
 21640 | D:13     | Reached skill level 5 in Shields
 21766 | D:13     | Reached skill level 5 in Conjurations
 21809 | D:13     | Found a gate to the Vaults.
 22027 | D:13     | Reached XP level 13. HP: 114/114 MP: 23/23
 22504 | Lair:1   | Entered Level 1 of the Lair of Beasts
 22932 | Lair:1   | Noticed Grum
 22991 | Lair:1   | Killed Grum
 23174 | Lair:1   | Reached skill level 15 in Fighting
 24213 | Lair:2   | Noticed Maggie
 24234 | Lair:1   | Killed Maggie
 24546 | Lair:2   | Found a hole to the Spider Nest.
 25024 | Lair:2   | Found a staircase to the Shoals.
 25737 | Lair:3   | Found a runed translucent gate.
 25737 | Lair:3   | Found a runed translucent gate.
 25737 | Lair:3   | Found a runed translucent gate.
 25743 | Lair:3   | Noticed Smersh616's ghost (journeyman OpDe)
 25992 | Lair:3   | Reached skill level 16 in Fighting
 26759 | Lair:3   | Noticed Sonja
 26774 | Lair:3   | Killed Sonja
 27743 | Lair:3   | Reached XP level 14. HP: 110/126 MP: 24/24
 27953 | Lair:3   | Reached skill level 10 in Conjurations
 28083 | Lair:3   | Found a viscous altar of Jiyva.
 28230 | Lair:4   | Learned a level 7 spell: Orb of Destruction
 29034 | Lair:4   | Found a staircase to the Slime Pits.
 29034 | Lair:4   | Found a viscous altar of Jiyva.
 29303 | Lair:4   | Reached skill level 17 in Fighting
 29768 | Lair:5   | Entered Level 5 of the Lair of Beasts
 30035 | Lair:5   | Noticed Kirke
 30518 | Lair:5   | Killed Kirke
 32755 | Lair:5   | Reached skill level 18 in Fighting
 33546 | D:14     | Found a blossoming altar of Fedhas.
 33626 | D:14     | Gained mutation: Your touch may irresistibly damage your
                  | foes and sap their willpower. [demonic ancestry]
 33626 | D:14     | Reached XP level 15. HP: 96/136 MP: 25/25
 34735 | D:15     | Entered Level 15 of the Dungeon
 35072 | D:15     | Got the Atlas of Fey Intoxication
 36070 | D:15     | Found a staircase to the Depths.
 37474 | D:15     | Found a transporter.
 37474 | D:15     | Found a transporter.
 37474 | D:15     | Noticed Fekhly's ghost (adept GrEE)
 38510 | Orc:1    | Entered Level 1 of the Orcish Mines
 38569 | Orc:1    | Reached skill level 19 in Fighting
 38808 | Orc:2    | Entered Level 2 of the Orcish Mines
 38869 | Orc:2    | Found Xaqus's Assorted Antiques.
 39201 | Orc:2    | Noticed an orc warlord
 39612 | Orc:2    | Killed an orc warlord
 40297 | Orc:2    | Found a staircase to the Elven Halls.
 40323 | Orc:2    | Found a runed translucent door.
 42142 | Orc:2    | Reached skill level 15 in Conjurations
 42728 | Orc:2    | Found Wix Lasm's Assorted Antiques.
 42728 | Orc:2    | Found Zuaddirph's Antique Weapon Boutique.
 42730 | Orc:2    | Found Liorphur's Armour Emporium.
 42730 | Orc:2    | Found Rinauvam's Book Boutique.
 42911 | Orc:2    | Noticed Coolblue908's ghost (journeyman HOFi)
 44058 | Spider:1 | Entered Level 1 of the Spider Nest
 44581 | Spider:1 | Noticed Azrael
 45752 | Spider:1 | Killed Azrael
 45753 | Spider:1 | Reached skill level 1 in Armour
 46578 | Spider:1 | Gained mutation: You regenerate health from kills. [demonic
                  | ancestry]
 46578 | Spider:1 | Reached XP level 16. HP: 110/144 MP: 27/27
 47742 | Spider:1 | Noticed Mlioglotl
 47779 | Spider:1 | Killed Mlioglotl
 48605 | Spider:2 | Learned a level 7 spell: Spellforged Servitor
 49127 | Spider:2 | Reached skill level 5 in Summonings
 51432 | Spider:3 | Noticed Bai Suzhen
 51462 | Spider:2 | Killed Bai Suzhen
 51463 | Spider:2 | Reached skill level 5 in Armour
 51960 | Spider:3 | Noticed Louise
 51982 | Spider:1 | HP: 4/135 [pharaoh ant (4)]
 54303 | Spider:2 | Killed Louise
 55030 | Spider:3 | Acquired 882 gold pieces
 56290 | Orc:2    | Killed Coolblue908's ghost
 56493 | Orc:2    | Bought a cloak for 139 gold pieces
 56493 | Orc:2    | Bought a scroll of enchant weapon for 232 gold pieces
 56497 | Orc:2    | Bought a +3 scale mail of willpower for 338 gold pieces
 56584 | Orc:2    | Bought a scroll of teleportation for 75 gold pieces
 56885 | Shoals:1 | Entered Level 1 of the Shoals
 56943 | Shoals:1 | You fall into a shaft and drop 1 floor!
 56967 | Shoals:2 | Reached skill level 10 in Spellcasting
 57051 | Shoals:2 | HP: 3/146 [merfolk javelineer/javelin (19)]
 57415 | Shoals:1 | Reached XP level 17. HP: 134/153 MP: 31/31
 57777 | Shoals:1 | HP: 5/153 [merfolk/+0 trident[a merfolk impaler] (19)]
 59763 | Shoals:2 | HP: 4/153 [satyr/arrow (21)]
 60240 | Shoals:2 | Noticed a kraken
 60374 | Shoals:2 | Killed a kraken
 63692 | Shoals:3 | Reached skill level 10 in Summonings
 65422 | Spider:4 | Entered Level 4 of the Spider Nest
 65627 | Spider:4 | Noticed Aizul
 65915 | Spider:3 | Reached skill level 10 in Armour
 66764 | Spider:4 | Noticed Arachne
 66785 | Spider:4 | Killed Arachne
 66794 | Spider:4 | HP: 11/229 [Aizul/bolt of poison (7)]
 66799 | Spider:4 | Killed Aizul
 66810 | Spider:4 | HP: 11/229 [spark wasp (6)]
 66812 | Spider:4 | Slain by a spark wasp

Illustrated notes

Levels and vault maps discovered:
D:1:      lemuel_arrival_funnel, layout_basic, minmay_indecisive_spiral
D:2:      layout_basic, basic_altar, reono_crystal_passage
D:3:      layout_basic, serial_shops, shop_statue
D:4:      layout_rooms, serial_shops, nicolae_shop_overgrown_old_shop,
          kennysheep_another_room
D:5:      layout_basic, temple_statues, uniq_blork_the_orc, uniq_prince_ribbit1
D:6:      layout_rooms, amcnicky_altar_gilded, lemuel_flamethrower_1
D:7:      layout_basic, minivault_27
D:8:      layout_basic, uniq_gastronok
D:9:      minmay_the_grid_triangle_9x9_rhombus_thin_mashed
          [minmay_the_grid_triangle_9x9_longest,
          minmay_the_grid_triangle_9x9_prize_center,
          minmay_the_grid_triangle_9x9_descending_squares,
          minmay_the_grid_triangle_9x9_skeleton], layout_cave_pods,
          minmay_tree_intersection, chequers_serial_rivers_small_3,
          nicolae_transporter_circle, uniq_erica
D:10:     layout_loops_corners, minmay_lair_entry_grove
D:11:     layout_small_grid, ebering_ghost_funeral_grove, serial_glass,
          glass_columns_a, glass_columns_b, unseen_surprise_small
D:12:     layout_loops_corners, hiddenorc2_lemuel, ebering_ghost_inner_flame,
          uniq_lodul
D:13:     layout_loops_corners, erik_vaults_1, blue_anna_alchemist
D:14:     layout_long_grid, fedhas_altar_fruit_tree,
          portal_ice_cave_entry_ice_statue_two, dreamdust_wishing_well,
          kennysheep_cross_bottleneck, grunt_decor_resistance
D:15:     gammafunk_depths_entry_grave, layout_rooms, nicolae_wwwww,
          gammafunk_ghost_hive, grunt_ministairs_14
Temple:   kilobyte_greek_temple
Lair:1:   cheibrodos_lair_river_kwai, layout_cave_shapes, uniq_grum
Lair:2:   layout_loops_ring, elwin_shoals_entry_stream,
          nicolae_spider_entry_orb_guardian, uniq_maggie
Lair:3:   layout_cave_pods, special_room [special_room_mythical_zoo],
          gammafunk_ghost_ooze, kennysheep_rathole, uniq_sonja
Lair:4:   layout_cave_pods, nicolae_slime_entry_slimehenge, serial_bayou_shore_b
Lair:5:   grunt_lair_end_beastmaster, layout_cave_pods, uniq_kirke
Shoals:1: layout_shoals
Shoals:2: layout_shoals
Shoals:3: layout_shoals, argonaut_gorgonesque
Spider:1: layout_chambers, nicolae_spider_wall_of_niches, uniq_azrael,
          uniq_mlioglotl
Spider:2: layout_spider_delve
Spider:3: layout_spider_delve, uniq_louise, uniq_bai_suzhen
Spider:4: grunt_spider_rune_island, hellmonk_test_site, uniq_arachne, uniq_aizul
Orc:1:    layout_caves, nicolae_volcano_entry_two_sided
Orc:2:    grunt_orc_tribal_feast, layout_caves, serial_shops,
          nicolae_shop_trees, gammafunk_ghost_grave

Skill      XL: |  1  2  3  4  5  6  7  8  9 10 11 12 13 14 15 16 17 |
---------------+----------------------------------------------------+-----
Conjurations   | 2 3 4 5 9 12 15 | 15.0
Spellcasting   | 4 5 6 7 10 | 10.3
Fighting       | 3 5 8 10 12 14 16 18 19 | 19.0
Maces & Flails | 2 5 7 9 11 12 | 12.0
Shields        | 5 |  5.0
Summonings     | 3 7 10 | 10.4
Armour         | 1 6 10 | 10.0
Dodging        | 3 |  3.3
Stealth        | |  1.7
Translocations | |  0.8

Action                   |  1- 3 |  4- 6 |  7- 9 | 10-12 | 13-15 | 16-18 || total
-------------------------+-------+-------+-------+-------+-------+-------++-------
Melee: Dagger            |     9 |       |       |       |       |       ||     9
       Whip              |       |    69 |   175 |  1061 |  3117 |   481 ||  4903
       Touch             |       |     9 |    37 |    11 |       |   255 ||   312
       Punch             |       |     1 |     3 |     1 |       |    14 ||    19
       Demon whip        |       |       |       |       |   138 |   958 ||  1096
 Cast: Magic Dart        |    93 |   102 |   130 |    63 |   100 |     7 ||   495
       Blink             |       |       |       |       |     5 |     8 ||    13
       Orb of Destructio |       |       |       |       |    11 |    60 ||    71
       Spellforged Servi |       |       |       |       |       |     1 ||     1
Invok: Potion Petition   |       |       |       |     1 |     3 |     9 ||    13
Evoke: Wand              |       |       |     1 |    18 |    13 |     8 ||    40
       Phial of floods   |       |       |       |       |     1 |       ||     1
  Use: Scroll            |       |     1 |    14 |    10 |    13 |    17 ||    55
       Potion            |       |       |     2 |     2 |     2 |     8 ||    14
 Stab: Sleeping          |       |       |     2 |       |     3 |     1 ||     6
       Invisible         |       |       |       |     2 |    12 |     9 ||    23
       Distracted        |       |       |       |     1 |    15 |     4 ||    20
       Petrified         |       |       |       |       |       |     3 ||     3
Armor: Robe              |     2 |       |       |       |       |       ||     2
       Leather armour    |       |    13 |    30 |    34 |       |       ||    77
       Skin              |       |       |       |    27 |       |    13 ||    40
       Scale mail        |       |       |       |    98 |   405 |   305 ||   808
       Chain mail        |       |       |       |    17 |       |       ||    17
Dodge: Dodged            |     5 |    27 |    88 |   421 |  1225 |   879 ||  2645
Block: Buckler           |       |       |       |    64 |   370 |    20 ||   454
